 Dungeon Crawl Stone Soup version 0.29-a0-1019-g84f7d21838 (webtiles) character file.

Game seed: 3817571159646598087

174 xian the Chiller (level 5, -2/24 (28) HPs)
             Began as a Deep Elf Ice Elementalist on Aug 11, 2022.
             Was an Initiate of Cheibriados.
             Slain by a necrophage (6 damage)
             ... on level 4 of the Dungeon.
             The game lasted 00:10:27 (3230 turns).

xian the Chiller (Deep Elf Ice Elementalist)        Turns: 3230, Time: 00:10:28

HP:   -2/24 (28)    AC:  4    Str:  6    XL:     5   Next: 28%
MP:   12/14         EV: 12    Int: 23    God:    Cheibriados [......]
Gold: 211           SH:  0    Dex: 16    Spells: 3/14 levels left

rFire   . . .      SeeInvis +   h - +0 dagger
rCold   . . .      Faith    .   (no shield)
rNeg    + . .      Spirit   .   e - +0 leather armour
rPois   .          Reflect  .   n - +0 helmet {SInv}
rElec   .          Harm     .   (no cloak)
rCorr   .          Rampage  .   (no gloves)
Will    .....                   (no boots)
Stlth   ++........              (no amulet)
HPRegen 0.08/turn               k - ring of positive energy
MPRegen 0.14/turn               o - ring of flight

@: mighty, flying, heavily drained, very slow
A: no striking features
a: Renounce Religion


You were on level 4 of the Dungeon.
You worshipped Cheibriados.
Cheibriados was noncommittal.
You visited 2 branches of the dungeon, and saw 5 of its levels.

You collected 211 gold pieces.

Inventory:

Hand Weapons
 h - a +0 dagger (weapon)
Missiles
 d - 3 poisoned darts
Armour
 e - a +0 leather armour (worn)
 n - a +0 helmet of see invisible (worn)
 p - an orb of guile
Jewellery
 k - a ring of positive energy (left hand)
 o - a ring of flight (right hand)
Scrolls
 a - a scroll of noise {unknown}
 c - a scroll of enchant armour {unknown}
 j - a scroll of blinking
 q - a scroll of poison {unknown}
 r - a scroll of identify {unknown}
 s - a scroll of teleportation {unknown}
 u - a scroll of enchant weapon {unknown}
Potions
 b - a potion of magic
 f - 3 potions of curing {unknown}
 g - 2 potions of attraction {unknown}
 i - a potion of ambrosia {unknown}
 l - a potion of heal wounds {unknown}
 m - a potion of might
 t - 2 potions of brilliance {unknown}


   Skills:
 + Level 0.1 Fighting
 + Level 0.1 Short Blades
 + Level 0.6 Armour
 + Level 2.5 Dodging
 + Level 2.6 Stealth
 + Level 5.4 Spellcasting
 + Level 5.8 Ice Magic


You had 3 spell levels left.
You knew the following spells:

 Your Spells              Type           Power      Damage    Failure   Level
a - Freeze                Ice            100%       1d11      1%          1
b - Frozen Ramparts       Ice            66%        1d10      3%          3
c - Ozocubu's Armour      Ice            33%        N/A       3%          3
d - Hailstorm             Conj/Ice       19%        3d6       38%         4

Your spell library contained the following spells:

 Spells                   Type           Power      Damage    Failure   Level


Dungeon Overview and Level Annotations

Branches:
Dungeon (4/15)             Temple (1/1) D:4

Altars:
Cheibriados
Makhleb
Nemelex Xobeh
Okawaru
Qazlal
Sif Muna
Uskayaw
The Shining One

Annotations:
D:3 Grinder


Message History

The necrophage completely misses you.
You closely miss the necrophage.
The necrophage is moderately damaged.
The necrophage barely misses you.
You hit the necrophage.
The necrophage is moderately damaged.
The necrophage hits you but does no damage.
You barely miss the necrophage.
The necrophage is moderately damaged.
The necrophage hits you but does no damage.
You hit the necrophage but do no damage.
The necrophage is moderately damaged.
The necrophage hits you! You partially resist.
You feel drained.
You hit the necrophage but do no damage.
The necrophage is moderately damaged.
The necrophage hits you.
You hit the necrophage.
The necrophage is heavily damaged.
The necrophage barely misses you.
You closely miss the necrophage.
The necrophage is heavily damaged.
The necrophage hits you but does no damage.
You hit the necrophage.
The necrophage is heavily damaged.
The necrophage hits you.
You closely miss the necrophage.
The necrophage is heavily damaged.
The necrophage hits you.
You hit the necrophage but do no damage.
The necrophage is heavily damaged.
The necrophage hits you.
* * * LOW HITPOINT WARNING * * *
You partially resist.
You feel drained.
You aren't carrying any items that you can evoke.
You aren't carrying any items that you can evoke.
Unknown command.
It was a potion of might.
You feel very mighty all of a sudden. The necrophage hits you.
You die...

#.........+....#.......#
#.........#....#.......#
#.........#....#.......#
#######'###+####.......##
#.....................
#.............<.......
#.....................
#.....................
#...##+@n...............
....##8.8#..............
....#8...8..####........
.. #8.>.8..# #....##+#
#8...8..# #....#
#...K#888#..#
#.....#.....#
#..##+#.....# #.. ##....#


You could see a necrophage and a kobold.

Vanquished Creatures
  A howler monkey (D:4)
  Robin (D:2)
  5 adders
  A worm (D:2)
  4 dart slugs
  5 orcs
  4 ball pythons
  2 bats
  7 endoplasms
  2 giant cockroaches
  10 goblins (D:2)
  6 hobgoblins (D:2)
  2 kobolds
  3 quokkas
  2 frilled lizards
  8 rats
63 creatures vanquished.

Notes
Turn   | Place    | Note
-------+----------+-------------------------------------------
     0 | D:1      | xian the Deep Elf Ice Elementalist began the quest for the
                  | Orb.
     0 | D:1      | Reached XP level 1. HP: 10/10 MP: 6/6
   113 | D:1      | Reached XP level 2. HP: 15/15 MP: 4/8
   146 | D:1      | Found a faded altar of an unknown god.
  1232 | D:2      | Reached skill level 5 in Ice Magic
  1232 | D:2      | Reached XP level 3. HP: 10/19 MP: 6/10
  1236 | D:2      | Learned a level 3 spell: Frozen Ramparts
  1240 | D:2      | Learned a level 3 spell: Ozocubu's Armour
  2021 | D:2      | Reached XP level 4. HP: 22/24 MP: 8/12
  2037 | D:2      | Learned a level 4 spell: Hailstorm
  2065 | D:2      | Noticed Robin
  2081 | D:2      | Killed Robin
  2082 | D:2      | Reached skill level 5 in Spellcasting
  2593 | D:3      | Noticed Grinder
  2608 | D:3      | Paralysed by Grinder for 2 turns
  3022 | D:4      | Reached XP level 5. HP: 24/28 MP: 6/14
  3120 | D:4      | Found a staircase to the Ecumenical Temple.
  3131 | Temple   | Entered the Ecumenical Temple
  3151 | Temple   | Became a worshipper of Cheibriados the Contemplative
  3230 | D:4      | Slain by a necrophage

Illustrated notes

Levels and vault maps discovered:
D:1:      psy_arrival_statuary, layout_loops_ring,
          dreamdust_ecumenical_altar_statues, minmay_curled_crystal,
          minmay_tripent
D:2:      kennysheep_six_static_rooms, layout_loops_corners, serial_glass,
          glass_columns_c, glass_columns_b, glass_columns_a, uniq_robin
D:3:      layout_rooms, minmay_crystal_water, st_stairs_1, uniq_grinder
D:4:      minmay_angry_zag, layout_gridville, mainiacjoe_overflow_tiny_flanked,
          minmay_temple_entry_statues
Temple:   jpeg_temple_clearing

Skill      XL: |  1  2  3  4 |
---------------+-------------+-----
Ice Magic      | 5 |  5.8
Spellcasting   | 4 5 |  5.4
Fighting       | |  0.1
Short Blades   | |  0.1
Armour         | |  0.6
Dodging        | |  2.5
Stealth        | |  2.6

Action                   |  1- 3 |  4- 6 || total
-------------------------+-------+-------++-------
Melee: Dagger            |    14 |    29 ||    43
 Cast: Freeze            |    45 |    29 ||    74
       Frozen Ramparts   |     1 |     4 ||     5
       Ozocubu's Armour  |       |     4 ||     4
  Use: Scroll            |       |     1 ||     1
       Potion            |       |     1 ||     1
 Stab: Sleeping          |     2 |       ||     2
Armor: Robe              |     1 |       ||     1
       Leather armour    |     5 |    17 ||    22
Dodge: Dodged            |    16 |    19 ||    35

Table legend: (Time is in decaauts)
 A = Elapsed time spent in this place.
 B = Non-inter-level travel time spent in this place.
 C = Inter-level travel time spent in this place.
 D = Time resting spent in this place.
 E = Time spent auto-exploring this place.
 F = Levels seen in this place.
 G = Mean time per level.
                   A        B        C        D        E       F      G
               +--------+--------+--------+--------+--------+-----+--------+
         Total |   3246 |   3075 |    171 |    211 |   2261 |   5 |  649.2 |
       Dungeon |   3151 |   3025 |    126 |    211 |   2232 |   4 |  787.8 |
        Temple |     95 |     50 |     45 |      0 |     29 |   1 |   95.0 |
               +--------+--------+--------+--------+--------+-----+--------+

Top non-repeatable levels by time:
     D:2: 1631 daAuts
     D:1: 1160 daAuts
     D:4: 181 daAuts
     D:3: 178 daAuts
  Temple: 95 daAuts
